 Dungeon Crawl Stone Soup version 0.30.1-4-g462c640d31 (webtiles) character file.

Game seed: 15606559671110092329

4675 radiomath the Cleaver (level 10, -3/88 HPs)
             Began as a Minotaur Berserker on Sept 14, 2023.
             Was an Elder of Trog.
             Slain by a hornet (8 damage)
             ... while paralysed by a hornet
             ... on level 7 of the Dungeon.
             The game lasted 00:53:23 (11271 turns).

radiomath the Cleaver (Minotaur Berserker)         Turns: 11271, Time: 00:53:23

Health: -3/88      AC:  9    Str: 25    XL:     10   Next: 21%
Magic:  9/9        EV:  2    Int:  4    God:    Trog [****..]
Gold:   267        SH:  0    Dex: 11    Spells: 9/9 levels left

rFire   . . .        w - +1 battleaxe (elec)
rCold   . . .        (shield currently unavailable)
rNeg    . . .        g - +1 ring mail {Will+}
rPois   .            (helmet restricted)
rElec   .            z - +0 cloak
rCorr   .            (no gloves)
SInv    .            (no boots)
Will    +....        (no amulet)
Stlth   +            (no ring)
HPRegen 0.34/turn    (no ring)
MPRegen 0.11/turn

%: no passive effects
@: paralysed, slowed
A: horns 2, retaliatory headbutt
a: Renounce Religion, Berserk, Trog's Hand, Brothers in Arms


You were on level 7 of the Dungeon.
You worshipped Trog.
Trog was greatly pleased with you.
You visited 2 branches of the dungeon, and saw 8 of its levels.

You collected 566 gold pieces.
You spent 299 gold pieces at shops.

Inventory:

Hand Weapons
 a - a +1 hand axe
 e - a +4 quarterstaff of chaos
 h - a +1 dagger of speed
 i - a +1 trident of venom
 j - a +2 short sword of freezing
 n - a +0 shortbow
 q - a +0 sling
 w - a +1 battleaxe of electrocution (weapon)
Missiles
 p - 6 poisoned darts
 s - 81 stones (quivered)
Armour
 g - a +1 ring mail of willpower (worn)
 z - a +0 cloak (worn)
Jewellery
 m - a ring of protection from fire
 t - a ring of ice
Wands
 k - a wand of charming (13)
 x - a wand of polymorph (8)
Scrolls
 d - 3 scrolls of fear
 f - 4 scrolls of teleportation
 u - a scroll of blinking {unknown}
 B - 2 scrolls of magic mapping
Potions
 b - a potion of haste
 c - 5 potions of curing
 o - a potion of mutation {unknown}
 r - a potion of berserk rage {unknown}
 v - a potion of attraction {unknown}
 A - a potion of flight {unknown}


   Skills:
 + Level 7.9 Fighting
 * Level 11.4(12.2) Axes
 - Level 7.2(10.3) Polearms
 + Level 0.8 Throwing
 + Level 8.3 Armour
 + Level 5.4 Dodging
 + Level 1.4 Stealth


You had 9 spell levels left.
You didn't know any spells.
Your spell library was empty.

Dungeon Overview and Level Annotations

Branches:
Dungeon (7/15)             Temple (1/1) D:5

Altars:
Ashenzari
Cheibriados
Dithmenos
Elyvilon
Fedhas
Gozag
Hepliaklqana
Makhleb
Nemelex Xobeh
Qazlal
Ru
Sif Muna
Trog
Uskayaw
Wu Jian
Xom
Yredelemnul
Zin
The Shining One

Shops:
D:4 *

Annotations:
D:5 exclusion: downstairs
D:7 1 transporter, exclusion: oklob plant


Innate Abilities, Weirdness & Mutations

You have a pair of horns on your head.
You reflexively headbutt those who attack you in melee.


Message History

The purple ugly thing is heavily wounded.
The purple ugly thing barely misses you.
You hit the purple ugly thing. You headbutt the purple ugly thing.
The purple ugly thing is heavily wounded.
The purple ugly thing bites you.
* * * LOW HITPOINT WARNING * * *
You slice the purple ugly thing!!
The purple ugly thing is almost dead.
The purple ugly thing misses you.
You hit the purple ugly thing but do no damage.
Lightning courses through the purple ugly thing!
You kill the purple ugly thing!
Trog accepts your kill.
You closely miss the hornet. Your headbutt misses the hornet.
The hornet barely misses you. x2
You closely miss the hornet. Your headbutt misses the hornet.
The hornet stings you.
* * * LOW HITPOINT WARNING * * *
You feel yourself slow down.
You closely miss the hornet. The hornet closely misses you.
The hornet misses you. The hornet stings you.
* * * LOW HITPOINT WARNING * * *
You feel as though you will be slow longer.
You feel much better. The hornet barely misses you. You furiously retaliate!
You headbutt the hornet! The hornet closely misses you.
You furiously retaliate!
You headbutt the hornet. You slice the hornet!!
The hornet is almost dead.
The hornet stings you!
* * * LOW HITPOINT WARNING * * *
You feel as though you will be slow longer.
The hornet barely misses you. The hornet stings you!
* * * LOW HITPOINT WARNING * * *
You suddenly lose the ability to move!
The hornet stings you but does no damage.
The hornet stings you!
* * * LOW HITPOINT WARNING * * *
You feel as though you will be slow longer.
The hornet stings you!
You die...

#...#####..#####
##..##.ho##......
##..##.###.##..###
####..##......~##....
#....##8f....~.P##..#
#...##..#$###.#~.##..
#..##....##l##$.$.##.
#..#)#..#....##o.#l#.
#..#@#..#=....#~.#h#.
#..#y#~$##...#...#f#.
#..##..~.##.##.~h5##.
#...##..#$###.#uW##..
#....##8.....~.8##..#
#.....##..~....##..##
#......##.###.##...##
######..##.o.##....##
##########'..#####.....##


You could see a hornet.

Vanquished Creatures
  The ghost of snaxamus the Slasher, a novice MiFi of Okawaru (D:7)
  Pikel (D:5)
  An ugly thing (D:7)
  A komodo dragon (D:7)
  Prince Ribbit (D:7)
  Eustachio (D:4)
  2 steam dragons
  Menkaure (D:6)
  A water moccasin (D:6)
  3 black bears
  2 sky beasts (D:7)
  An ice beast (D:5)
  2 ogres (D:6)
  2 centaurs
  4 lemures
  A kobold brigand (D:7)
  3 bullfrogs
  3 scorpions
  3 howler monkeys
  3 jellies
  Crazy Yiuf (D:3)
  3 orc priests
  6 hounds
  A sleepcap (D:7)
  5 iguanas
  Terence (D:3)
  5 orc wizards
  A gnoll (D:2)
  14 adders
  A shadow imp (D:7)
  A white imp (D:7)
  An ufetubus (D:5)
  2 worms (D:2)
  3 dart slugs
  21 orcs
  5 bats
  5 endoplasms
  A giant cockroach (D:3)
  4 hobgoblins
  16 jackals
  3 quokkas
  10 ball pythons
  3 frilled lizards
  9 goblins
  10 kobolds
  6 rats
175 creatures vanquished.

Vanquished Creatures (others)
  A kobold (D:7)
1 creature vanquished.

Grand Total: 176 creatures vanquished

Notes
Turn   | Place    | Note
-------+----------+-------------------------------------------
     0 | D:1      | radiomath the Minotaur Berserker began the quest for the
                  | Orb.
     0 | D:1      | Reached XP level 1. HP: 19/19 MP: 0/0
   411 | D:1      | Reached XP level 2. HP: 27/27 MP: 1/1
   413 | D:1      | Reached skill level 4 in Axes
  1478 | D:2      | Reached XP level 3. HP: 30/33 MP: 2/2
  1519 | D:2      | Reached ** piety under Trog
  1696 | D:2      | Reached XP level 4. HP: 30/41 MP: 3/3
  2466 | D:3      | Reached skill level 5 in Axes
  3199 | D:3      | Identified the +2 helmet of the Sturgeon {rN+ Int-3 Dex+6
                  | Stlth+}
  3554 | D:3      | Found a runed translucent door.
  3555 | D:3      | Noticed Crazy Yiuf
  3618 | D:3      | Reached XP level 5. HP: 42/47 MP: 4/4
  3650 | D:3      | Killed Crazy Yiuf
  3942 | D:3      | Noticed Terence
  3955 | D:3      | Killed Terence
  3956 | D:3      | Reached skill level 6 in Axes
  4552 | D:4      | Reached XP level 6. HP: 45/55 MP: 5/5
  4621 | D:4      | Reached skill level 5 in Fighting
  4752 | D:4      | Found Letakh's Assorted Antiques.
  4760 | D:4      | Bought a potion of curing for 69 gold pieces
  4760 | D:4      | Bought a scroll of teleportation for 69 gold pieces
  5474 | D:4      | You fall into a shaft and drop 1 floor!
  5474 | D:5      | Entered Level 5 of the Dungeon
  5478 | D:5      | Found a blossoming altar of Fedhas.
  5488 | D:5      | Found a sacrificial altar of Ru.
  5499 | D:5      | Noticed Eustachio
  5832 | D:5      | Found a staircase to the Ecumenical Temple.
  5972 | D:5      | Reached skill level 7 in Axes
  6261 | D:5      | Noticed Pikel
  6264 | Temple   | Entered the Ecumenical Temple
  6481 | D:5      | Noticed a steam dragon
  6822 | D:4      | Killed Eustachio
  6823 | D:4      | Reached skill level 5 in Armour
  6823 | D:4      | Reached XP level 7. HP: 56/61 MP: 6/6
  6857 | D:4      | Bought a glowing ring mail for 161 gold pieces
  6907 | D:5      | Reached *** piety under Trog
  6914 | D:5      | Reached skill level 8 in Axes
  7927 | D:5      | Reached XP level 8. HP: 69/70 MP: 7/7
  8043 | D:5      | Found a sparkling altar of Nemelex Xobeh.
  8043 | D:5      | Found a white marble altar of Elyvilon.
  8043 | D:5      | Found a shimmering blue altar of Sif Muna.
  8043 | D:5      | Found an ornate altar of the Wu Jian Council.
  8044 | D:5      | Found a burning altar of Makhleb.
  8044 | D:5      | Found a hide-covered altar of Uskayaw.
  8045 | D:5      | Found a shimmering altar of Xom.
  8046 | D:5      | Found a snail-covered altar of Cheibriados.
  8046 | D:5      | Found a shadowy altar of Dithmenos.
  8102 | D:5      | Killed Pikel
  8103 | D:5      | Reached skill level 9 in Axes
  8103 | D:5      | Reached skill level 1 in Polearms
  8279 | D:6      | Found a hazy altar of Hepliaklqana.
  8316 | D:6      | Noticed Menkaure
  8510 | D:6      | Reached skill level 10 in Axes
  8776 | D:6      | Reached XP level 9. HP: 49/78 MP: 8/8
  8979 | D:6      | Found an opulent altar of Gozag.
  9147 | D:6      | Reached **** piety under Trog
  9468 | D:6      | Killed Menkaure
  9469 | D:6      | Reached skill level 5 in Polearms
 10120 | D:7      | Noticed an oklob plant
 10122 | D:7      | Noticed a komodo dragon
 10123 | D:7      | Noticed snaxamus's ghost (novice MiFi)
 10124 | D:7      | Noticed a purple ugly thing
 10128 | D:7      | Noticed Prince Ribbit
 10143 | D:7      | Killed Prince Ribbit
 10144 | D:7      | Reached skill level 1 in Stealth
 10458 | D:7      | Noticed a cyclops
 10459 | D:7      | Found a transporter.
 10462 | D:7      | Found a transporter.
 10745 | D:7      | Reached skill level 5 in Dodging
 11131 | D:6      | Identified a scroll of acquirement
 11131 | D:6      | Acquired a +1 battleaxe of electrocution
 11222 | D:7      | Killed snaxamus's ghost
 11223 | D:7      | Reached skill level 11 in Axes
 11223 | D:7      | Reached XP level 10. HP: 40/86 MP: 9/9
 11264 | D:7      | Killed a purple ugly thing
 11269 | D:7      | Paralysed by a hornet for 3 turns
 11271 | D:7      | Slain by a hornet

Illustrated notes

Levels and vault maps discovered:
D:1:      tarquinn_simple_flora_water_d, layout_basic, serial_corexii_hall,
          corexii_hall_statues_deadend, corexii_hall_statues_t,
          corexii_hall_statues_t, chequers_hall_statues_corner_a,
          corexii_hall_statues_deadend, corexii_hall_statues_i,
          interstate_on_off
D:2:      minmay_chambers_of_ones, layout_basic, chequers_serial_rivers_large_a,
          minmay_surrounded
D:3:      layout_basic, uniq_crazy_yiuf_cottage, uniq_terence
D:4:      layout_cave_pools, serial_shops,
          nicolae_shop_temple_entry_statues_fountains, minmay_pentomino_pile
D:5:      kennysheep_spiral_hall, layout_basic, nicolae_overflows_in_rows,
          amcnicky_altar_gilded, minmay_temple_entry_purple_smoke,
          minmay_misc_feat_x, hangedman_decor_diamond_cutter, uniq_eustachio,
          uniq_pikel
D:6:      nicolae_cairo_tiling_large, layout_rooms,
          chequers_temple_overflow_statue_of_worship, amethyst_killhole,
          corexii_item_surrounded_by_moat, serial_park_tiny_pond, uniq_menkaure
D:7:      layout_basic, nzn_ghost_randoct, minmay_misc_feat_enclosed,
          kennysheep_generic_room_16, uniq_prince_ribbit1
Temple:   hellmonk_temple_micro_hex

Skill      XL: |  1  2  3  4  5  6  7  8  9 |
---------------+----------------------------+-----
Axes           | 4 5 6 7 8 10 11 | 11.4
Fighting       | 4 5 6 7 |  7.9
Armour         | 3 4 5 7 8 |  8.3
Dodging        | 3 4 5 |  5.4
Polearms       | 3 7 |  7.2
Stealth        | 1 |  1.4
Throwing       | |  0.8

Action                     |  1- 3 |  4- 6 |  7- 9 | 10-12 || total
---------------------------+-------+-------+-------+-------++-------
  Melee: Hand axe          |    74 |   194 |    33 |       ||   301
         Headbutt          |    12 |    23 |    43 |     6 ||    84
         Punch             |     1 |     2 |       |       ||     3
         Trident           |       |       |   187 |       ||   187
         Battleaxe         |       |       |    11 |    20 ||    31
  Throw: Stone             |       |    10 |     4 |       ||    14
    Use: Scroll            |       |     8 |     3 |       ||    11
         Potion            |       |     7 |     2 |     3 ||    12
 Armour: Animal skin       |     4 |       |       |       ||     4
         Ring mail         |    19 |    27 |    89 |     3 ||   138
         Scale mail        |       |    48 |       |       ||    48
  Dodge: Dodged            |    54 |    99 |   102 |    15 ||   270
